 Dungeon Crawl Stone Soup version 0.19.0-2-gae57169 (webtiles) character file.

130 RKaid the Chopper (level 4, -6/39 HPs)
             Began as a Minotaur Fighter on Nov 6, 2016.
             Was a Believer of Makhleb.
             Mangled by an iguana (9 damage)
             ... on level 4 of the Dungeon.
             The game lasted 00:02:59 (2054 turns).

RKaid the Chopper (Minotaur Fighter)                Turns: 2054, Time: 00:03:00

Health: -6/39      AC:  9    Str: 21    XL:     4   Next: 90%
Magic:  3/3        EV:  5    Int:  5    God:    Makhleb [**....]
Gold:   167        SH:  9    Dex: 10    Spells: 0 memorised, 3 levels left

rFire  . . .     SeeInvis .     a - +0 war axe
rCold  . . .     Gourm    .     g - +0 chain mail (curse)
rNeg   . . .     Faith    .     c - +0 shield
rPois  .         Spirit   .     (helmet restricted)
rElec  .         Reflect  .     (no cloak)
rCorr  .         Harm     .     (no gloves)
MR     .....                    (no boots)
Stlth  ..........               (no amulet)
                                (no ring)
                                (no ring)

@: no status effects
A: retaliatory headbutt, horns 2
a: Minor Destruction, Renounce Religion


You were on level 4 of the Dungeon.
You worshipped Makhleb.
Makhleb was pleased with you.
You were not hungry.

You visited 1 branch of the dungeon, and saw 4 of its levels.

You collected 167 gold pieces.

Inventory:

Hand Weapons
 a - a +0 war axe (weapon)
Armour
 b - a +0 scale mail
 c - a +0 shield (worn)
 g - a cursed +0 chain mail (worn)
   (You found it on level 1 of the Dungeon)
Jewellery
 e - an uncursed ring of flight {unknown}
   (You found it on level 1 of the Dungeon)
Scrolls
 h - 3 scrolls of teleportation {unknown}
 j - 2 scrolls of remove curse {unknown}
 l - a scroll of fog {unknown}
 m - a scroll of identify {unknown}
 n - 2 scrolls of amnesia {unknown}
 o - a scroll of blinking {unknown}
 p - 2 scrolls of immolation {unknown}
Potions
 d - 2 potions of might
 i - 3 potions of degeneration {unknown}
 q - a potion of resistance {unknown}
 r - a potion of brilliance {unknown}
 u - 2 potions of curing {unknown}
 v - a potion of lignification {unknown}
 w - a potion of cancellation {unknown}
 x - a potion of flight {unknown}
Comestibles
 f - 4 bread rations
 k - 2 fruits
 s - 2 meat rations
 t - 4 chunks of flesh


   Skills:
 - Level 3.6 Fighting
 + Level 6.2 Axes
 - Level 3.6 Armour
 - Level 3.6 Shields


You had 3 spell levels left.
You didn't know any spells.

Dungeon Overview and Level Annotations

Branches:
Dungeon (4/15)
 Temple: D:4-7

Altars:
Fedhas
Kikubaaqudgha
Makhleb
Nemelex Xobeh
Yredelemnul


Innate Abilities, Weirdness & Mutations

You reflexively headbutt those who attack you in melee.
You have a pair of horns on your head.


Message History

You are too injured to fight recklessly!
You are too injured to fight recklessly!
You are too injured to fight recklessly!
You are too injured to fight recklessly!
You are too injured to fight recklessly!
The gnoll barely misses you. x2
Things that are here:
a flail; a gnoll corpse You slice the gnoll!!
You kill the gnoll!
Makhleb accepts your kill.
Your Axes skill increases to level 6!
You hit the gnoll. The gnoll hits you but does no damage.
You hit the gnoll. The gnoll closely misses you.
You hit the gnoll. You headbutt the gnoll.
You kill the gnoll!
Makhleb accepts your kill.
You feel better.
f - 4 bread rations (gained 1)
You start resting.
You are feeling hungry.
You butcher the gnoll corpse.
t - 3 chunks of flesh
Things that are here:
a flail; a gnoll skeleton
Things that are here:
a flail; a gnoll skeleton Eating one of 3 chunks of flesh.
You start eating one of the 3 chunks of flesh.
This raw flesh tastes terrible.
Things that are here:
a halberd; a gnoll corpse You butcher the gnoll corpse.
t - 4 chunks of flesh (gained 2)
Things that are here:
a halberd; a gnoll skeleton
Things that are here:
a halberd; a gnoll skeleton An orc comes into view.
It is wielding a mace.
The orc shouts!
An iguana comes into view.
The iguana hisses angrily.
You closely miss the orc. You block the orc's attack.
The orc barely misses you.
You closely miss the orc. Your headbutt misses the orc.
The orc hits you with a mace.
You barely miss the orc. You headbutt the orc!
You kill the orc!
Makhleb accepts your kill. The iguana bites you.
You closely miss the iguana. You block the iguana's attack.
You barely miss the iguana. You block the iguana's attack.
You hit the iguana but do no damage.
You headbutt the iguana, but do no damage.
You block the iguana's attack.
You hit the iguana. You block the iguana's attack. x2
You closely miss the iguana. Your headbutt misses the iguana.
You block the iguana's attack.
You hit the iguana but do no damage. You block the iguana's attack.
You barely miss the iguana. The iguana bites you. The iguana bites you!
You are too injured to fight recklessly!
You are too injured to fight recklessly!
You are too injured to fight recklessly!
You are too injured to fight recklessly!
You are too injured to fight recklessly!
You are too injured to fight recklessly!
You are too injured to fight recklessly!
You are too injured to fight recklessly!
You are too injured to fight recklessly!
You are too injured to fight recklessly!
You are too injured to fight recklessly!
You are too injured to fight recklessly!
You are too injured to fight recklessly!
You are too injured to fight recklessly!
You are too injured to fight recklessly!
You are too injured to fight recklessly!
You are too injured to fight recklessly!
You are too injured to fight recklessly!
You are too injured to fight recklessly!
You are too injured to fight recklessly!
You are too injured to fight recklessly!
You are too injured to fight recklessly!
You hit the iguana. The iguana bites you!
You barely miss the iguana. You block the iguana's attack.
You closely miss the iguana. You block the iguana's attack.
You closely miss the iguana. Your headbutt misses the iguana.
You block the iguana's attack. The iguana bites you!
* * * LOW HITPOINT WARNING * * *
You hit the iguana but do no damage.
You headbutt the iguana, but do no damage.
The iguana bites you.
* * * LOW HITPOINT WARNING * * *
Press: ? - help, Shift-Dir - straight line, f - iguana
Aim: an iguana (moderately wounded)
You fail to use your ability.
You block the iguana's attack.
Press: ? - help, Shift-Dir - straight line, f/p - iguana
Aim: an iguana (moderately wounded)
The puff of flame hits the iguana.
The iguana appears unharmed.
The iguana bites you!
You die...

######### ........########
#######......(.#
#.######.# #.# .### ##
######.######.... .#
#............######.###.##
#.####.##......@l..)......
#.##.##.######.###.#.
...#.##.# .# ..#...##.# ..
.#. .####.# ### #.##.##
#.# # #? ... # ..# ..#


You could see an iguana.

Vanquished Creatures
  Jessica (D:2)
  3 gnolls (D:4)
  3 adders (D:2)
  A dart slug (D:2)
  4 leopard geckos
  An orc (D:4)
  5 bats
  A giant cockroach (D:1)
  7 goblins
  4 hobgoblins
  2 frilled lizards
  6 kobolds
  7 rats
45 creatures vanquished.

Notes
Turn   | Place    | Note
-------+----------+-------------------------------------------
     0 | D:1      | RKaid the Minotaur Fighter began the quest for the Orb.
     0 | D:1      | Reached XP level 1. HP: 19/19 MP: 0/0
   181 | D:1      | Reached skill level 3 in Axes
   305 | D:1      | Reached XP level 2. HP: 24/26 MP: 1/1
   540 | D:2      | Found a blossoming altar of Fedhas.
   569 | D:2      | Reached skill level 4 in Axes
   645 | D:2      | Found a sparkling altar of Nemelex Xobeh.
   645 | D:2      | Found a faded altar of an unknown god.
   651 | D:2      | Found a faded altar of an unknown god.
   653 | D:2      | Found a basalt altar of Yredelemnul.
   655 | D:2      | Found an ancient bone altar of Kikubaaqudgha.
   679 | D:2      | Became a worshipper of Makhleb the Destroyer
   679 | D:2      | Reached * piety under Makhleb
   752 | D:2      | Noticed Jessica
   755 | D:2      | Killed Jessica
   755 | D:2      | Reached XP level 3. HP: 31/31 MP: 2/2
   899 | D:2      | Reached skill level 5 in Axes
   957 | D:2      | Reached XP level 4. HP: 39/39 MP: 3/3
  1593 | D:3      | Reached ** piety under Makhleb
  1873 | D:4      | Reached skill level 6 in Axes
  2048 | D:4      | HP: 6/39 [iguana (8)]
  2054 | D:4      | Mangled by an iguana

Skill      XL: |  1  2  3  4 |
---------------+-------------+-----
Axes           | 3 4 5 6 |  6.2
Fighting       | |  3.6
Armour         | |  3.6
Shields        | |  3.6

Action                   |  1- 3 |  4- 6 || total
-------------------------+-------+-------++-------
Melee: War axe           |    72 |    50 ||   122
       Headbutt          |     9 |     6 ||    15
Invok: Minor Destruction |       |     1 ||     1
  Eat: Chunk             |       |     4 ||     4
Armor: Scale mail        |     2 |       ||     2
       Chain mail        |    37 |    17 ||    54
Dodge: Dodged            |    12 |    10 ||    22
Block: Shield            |    41 |    28 ||    69

Vault maps used:
D:1:      shiori_shiawase
D:2:      fedhas_altar_2, chequers_temple_overflow_minitemple, uniq_jessica
D:4:      kennysheep_little_box, first_bread, st_stairs_12

Table legend:
 A = Turns spent in this place as a percentage of turns spent in the entire game.
 B = Non-inter-level travel turns spent in this place as a percentage of non-inter-level travel turns spent in the entire game.
 C = Inter-level travel turns spent in this place as a percentage of turns spent in this place.
 D = Turns resting spent in this place as a percentage of non-inter-level travel turns spent in this place.
 E = Turns spent auto-exploring this place as a percentage of non-inter-level travel turns spent in this place.
 F = Non-inter-level travel turns spent in this place divided by the number of levels of this place that you've seen.
                   A       B       C       D       E      F
               +-------+-------+-------+-------+-------+----------------------
         Total | 100.0 | 100.0 |   1.1 |   0.4 |  15.3 | 140.5
       Dungeon | 100.0 | 100.0 |   1.1 |   0.4 |  15.3 | 140.5
               +-------+-------+-------+-------+-------+----------------------

Table legend:
 A = Kills in this place as a percentage of kills in entire the game.
 B = Kills by you in this place as a percentage of kills by you in the entire game.
 C = Kills by friends in this place as a percentage of kills by friends in the entire game.
 D = Other kills in this place as a percentage of other kills in the entire game.
 E = Experience gained in this place as a percentage of experience gained in the entire game.
 F = Experience gained in this place divided by the number of levels of this place that you have seen.
                   A       B       C       D       E      F
               +-------+-------+-------+-------+-------+----------------------
         Total | 100.0 | 100.0 |  -nan |  -nan | 100.0 |  46.8
       Dungeon | 100.0 | 100.0 |  -nan |  -nan | 100.0 |  46.8
               +-------+-------+-------+-------+-------+----------------------
